 Dungeon Crawl Stone Soup version 0.30-a0-632-g346586fe48 (webtiles) character file.

Game seed: 8250789929082880964

176 Sabo the Firebug (level 5, 0/31 HPs)
             Began as an Octopode Fire Elementalist on Jan 13, 2023.
             Was a Follower of Ashenzari.
             Slain by a gnoll
             ... wielding a +0 whip
              (6 damage)
             ... on level 4 of the Dungeon.
             The game lasted 00:19:56 (2960 turns).

Sabo the Firebug (Octopode Fire Elementalist)       Turns: 2960, Time: 00:19:56

Health: 0/31       AC:  1    Str:  7    XL:     5   Next: 56%
Magic:  8/11       EV: 18    Int: 20    God:    Ashenzari [*.....]
Gold:   143        SH:  0    Dex: 12    Spells: 9/12 levels left

rFire   . . .      SeeInvis .    e - +9 mace "Ebbes" {holy, rPois}
rCold   . . .      Faith    .    (no shield)
rNeg    . . .      Spirit   .    (helmet restricted)
rPois   +          Reflect  .    i - amulet of magic regeneration
rElec   .          Harm     .    f - ring of the Tethered Sky {Wiz, Self, Cun} (curse)
rCorr   .          Rampage  .    p - ring "Enigmatic Submission" {EV+5, Self, Fort} (curse)
Will    .....                    (no ring)
Stlth   ++++                     (no ring)
HPRegen 0.25/turn                (no ring)
MPRegen 0.52/turn                (no ring)
                                 (no ring)
                                 (no ring)

@: about to teleport
A: almost no armour, amphibious, 8 rings, camouflage 1, gelatinous body 1,
(nimble swimmer 1), tentacles
a: Renounce Religion, Shatter the Chains


You were on level 4 of the Dungeon.
You worshipped Ashenzari.
Ashenzari was aware of your devotion.
You visited 1 branch of the dungeon, and saw 4 of its levels.

You collected 143 gold pieces.

Inventory:

Hand Weapons
 e - the +9 mace "Ebbes" (weapon) {holy, rPois}
   (You found it on level 3 of the Dungeon)

   rPois:     It protects you from poison.
Missiles
 h - 4 poisoned darts (quivered)
Jewellery
 f - the cursed ring of the Tethered Sky (left tentacle) {Wiz, Self, Cun}
   (You found it on level 1 of the Dungeon)

   [ring of wizardry]

   It improves your spell success rate.
   It has a curse which improves the following skills: Introspection: Fighting
   and Spellcasting.
   Cunning:   Dodging and Stealth.
 i - an amulet of magic regeneration (around mantle)
 p - the cursed ring "Enigmatic Submission" (right tentacle) {EV+5, Self, Fort}
   (You found it on level 2 of the Dungeon)

   [ring of evasion]

   EV:        It affects your evasion (+5).
   It has a curse which improves the following skills: Introspection: Fighting
   and Spellcasting.
   Fortitude: Shields.
Scrolls
 b - a scroll of brand weapon
 d - 2 scrolls of fog
 j - a scroll of enchant weapon
 k - 2 scrolls of enchant armour
 n - a scroll of teleportation
Potions
 a - a potion of magic
 c - a potion of haste
 g - a potion of flight
 l - a potion of curing
 o - a potion of mutation


   Skills:
 + Level 0.1(0.2) Fighting
 + Level 2.4(3.2) Dodging
 + Level 3.5(4.3) Stealth
 + Level 3.0(4.1) Spellcasting
 + Level 1.4 Conjurations
 + Level 4.8 Fire Magic


You had 9 spell levels left.
You knew the following spells:

 Your Spells              Type           Power      Damage    Failure   Level
a - Foxfire               Conj/Fire      64%        2x1d7     1%          1
b - Scorch                Fire           46%        2d7       1%          2

Your spell library contained the following spells:

 Spells                   Type           Power      Damage    Failure   Level
 Magic Dart               Conj           40%        1d5       2%          1
 Searing Ray              Conj           20%        2d5       4%          2
 Summon Small Mammal      Summ           16%        N/A       5%          1
 Inner Flame              Hex/Fire       13%        N/A       6%          3
 Kindle Blastsparks       Fire/Tloc/Air  20%        2d11      9%          3
 Flame Wave               Conj/Fire      16%        2d7       14%         4
 Call Canine Familiar     Summ           4%         N/A       16%         3
 Portal Projectile        Hex/Tloc       8%         N/A       16%         3
 Summon Guardian Golem    Hex/Summ       4%         N/A       16%         3
 Tukima's Dance           Hex            4%         N/A       16%         3
 Fulminant Prism          Conj/Hex       3%         3d5       34%         4
 Blade Hands              Tmut           2%         N/A       77%         5


Dungeon Overview and Level Annotations

Branches:
Dungeon (4/15)
 Temple: D:4-7

Altars:
Ashenzari
Uskayaw

Shops:
D:4 =


Innate Abilities, Weirdness & Mutations

You cannot wear most types of armour.
You are amphibious.
You can wear up to eight rings at the same time.
Your skin changes colour to match your surroundings (Stealth+).
Your rubbery body absorbs attacks. (AC +1, EV +1)
((You are camouflaged when in or above water. (Stealth+)))
You have tentacles for arms and can constrict up to eight enemies at once.


Message History

You miss something. Your squeeze misses something.
Something closely misses you.
An orc comes into view. It is wielding a +0 flail.
You hear some strange, mumbled words.
You are confused.
You barely miss something. Your squeeze misses something.
You hear some strange, mumbled words.
A magic dart appears from out of thin air!
The magic dart hits you!
A gnoll comes into view. It is wielding a +0 whip.
You closely miss something. Something hits you.
You miss the orc. Your squeeze misses the orc. Something hits you.
The orc misses you.
A gnoll comes into view. It is wielding a +0 club.
You're too confused to cast spells.
Unknown command.
Unknown command.
You're too confused to cast spells.
Unknown command.
Unknown command.
Your magical effects are unravelling.
You feel magically purged.
You feel less confused. The orc misses you. Something hits you.
* * * LOW HITPOINT WARNING * * *
You completely miss something. You squeeze something.
Reactivating autopickup.
You feel a bit more experienced. The orc barely misses you.
As you read the scroll of teleportation, it crumbles to dust.
You feel strangely unstable. The orc hits you with a +0 flail.
* * * LOW HITPOINT WARNING * * *
You sock the orc!
You kill the orc!
Your base Spellcasting skill increases to level 3!
You sock the gnoll! You grab the gnoll.
The gnoll is severely wounded.
You constrict the gnoll, but do no damage.
A gnoll comes into view. It is wielding a +0 spear.
The gnoll misses you. The gnoll hits you with a +0 whip.
You die...

#.# #.#
#.#)#.#.###
#.# #.#
#.#.#.# #
#.# #.#
#.#.#.. #.#
#.#
#.#.#...
#.####.#
#........
#......#
##........
#..#####
..# #..###
#..@g#
##.#g#
#.#.# #.#.)
#.....
###..g.
.#### .#


You could see 3 gnolls.

Vanquished Creatures
  Natasha (thrice) (D:2)
  An orc wizard (D:4)
  2 adders
  2 dart slugs (D:1)
  6 orcs
  4 bats
  5 endoplasms
  A giant cockroach (D:2)
  5 goblins
  2 hobgoblins
  3 jackals (D:2)
  2 quokkas
  5 ball pythons
  A frilled lizard (D:1)
  6 kobolds
48 creatures vanquished.

Vanquished Creatures (others)
  77 foxfires
77 creatures vanquished.

Grand Total: 125 creatures vanquished

Notes
Turn   | Place    | Note
-------+----------+-------------------------------------------
     0 | D:1      | Sabo the Octopode Fire Elementalist began the quest for the
                  | Orb.
     0 | D:1      | Reached XP level 1. HP: 11/11 MP: 3/3
   440 | D:1      | Reached XP level 2. HP: 17/17 MP: 1/5
   595 | D:1      | Found a faded altar of an unknown god.
   629 | D:1      | Prayed at the altar of an unknown god.
   629 | D:1      | Became a worshipper of Ashenzari the Shackled
  1101 | D:2      | Noticed Natasha
  1111 | D:2      | Killed Natasha
  1112 | D:2      | Reached XP level 3. HP: 15/21 MP: 2/7
  1166 | D:2      | Found a hide-covered altar of Uskayaw.
  1201 | D:2      | Reached skill level 4 in Fire Magic
  1248 | D:2      | Reached XP level 4. HP: 23/27 MP: 5/8
  1283 | D:2      | Noticed Natasha
  1290 | D:2      | Killed Natasha
  1375 | D:2      | Noticed Natasha
  1392 | D:2      | Killed Natasha
  1494 | D:2      | Learned a level 2 spell: Scorch
  1560 | D:2      | Reached XP level 5. HP: 30/31 MP: 1/9
  2062 | D:2      | Reached * piety under Ashenzari
  2062 | D:2      | Identified a scroll of acquirement
  2067 | D:2      | Acquired an amulet of magic regeneration
  2328 | D:3      | Identified the +9 mace "Ebbes" {holy, rPois}
  2886 | D:4      | Found Waomum's Jewellery Shop.
  2960 | D:4      | Slain by a gnoll

Illustrated notes

Levels and vault maps discovered:
D:1:      reono_arrival_mine, layout_basic, hellmonk_ecumenical_altar_lost_god
D:2:      layout_rooms, basic_altar, minmay_quantized, uniq_natasha
D:3:      layout_loops_ring
D:4:      layout_loops_ring, serial_shops, shop, minmay_manual_monstrance

Skill      XL: |  1  2  3  4  5 |
---------------+----------------+-----
Stealth        | 3 |  3.5
Fire Magic     | 4 |  4.8
Spellcasting   | 3 |  3.0
Fighting       | |  0.1
Dodging        | |  2.4
Conjurations   | |  1.4

Action                   |  1- 3 |  4- 6 || total
-------------------------+-------+-------++-------
Melee: Dagger            |     2 |       ||     2
       Constrict         |     2 |     5 ||     7
       Hand axe          |     1 |     5 ||     6
       Tentacles         |     1 |     4 ||     5
       Mace              |       |     9 ||     9
 Cast: Foxfire           |    30 |    11 ||    41
       Scorch            |       |    25 ||    25
Invok: Curse Item        |     1 |     1 ||     2
  Use: Scroll            |     2 |     3 ||     5
       Potion            |       |     1 ||     1
Armor: Skin              |     1 |     2 ||     3
Dodge: Dodged            |    15 |    24 ||    39

Table legend: (Time is in decaauts)
 A = Elapsed time spent in this place.
 B = Non-inter-level travel time spent in this place.
 C = Inter-level travel time spent in this place.
 D = Time resting spent in this place.
 E = Time spent auto-exploring this place.
 F = Levels seen in this place.
 G = Mean time per level.
                   A        B        C        D        E       F      G
               +--------+--------+--------+--------+--------+-----+--------+
         Total |   2962 |   2962 |      0 |    620 |      0 |   4 |  740.5 |
       Dungeon |   2962 |   2962 |      0 |    620 |      0 |   4 |  740.5 |
               +--------+--------+--------+--------+--------+-----+--------+

Top non-repeatable levels by time:
     D:1: 1102 daAuts
     D:2: 1004 daAuts
     D:3: 707 daAuts
     D:4: 149 daAuts
